| TOP OF THE 1ST |
|
University of Georgia Bulldogs batting - Pitching for University of Miami Hurricanes : RHP Nate Rizzi
|
|
Pitching: RHP Nate Rizzi
|
|
|
Batting: RHB Janne Vihko
|
0-0: Bunt missed! 0-1: Ball 1-1: Foul Ball, location: 2F 1-2: Fly out, F8 (Line Drive, 8LD, EV 95.0 MPH)
|
|
Batting: RHB Ivan Barrientos
|
0-0: Ground out 4-3 (Groundball, 4, EV 77.5 MPH)
|
|
Batting: LHB Justin Daley
|
0-0: Called Strike 0-1: Swinging Strike 0-2: SINGLE (Flyball, 6D, EV 88.1 MPH)
|
|
Batting: LHB Mitsujiro Tanaka
|
0-0: Called Strike 0-1: Foul Ball, location: 2F 0-2: Fly out, F8 (Flyball, 78M, EV 76.9 MPH)
|
| Top of the 1st over - 0 runs, 1 hit, 0 errors, 1 left on base; University of Georgia 0 - University of Miami 0 |
| BOTTOM OF THE 1ST |
|
University of Miami Hurricanes batting - Pitching for University of Georgia Bulldogs : RHP Rip Log
|
|
Pitching: RHP Rip Log
|
|
|
Batting: RHB Guo Kwok
|
0-0: Called Strike 0-1: Ball 1-1: Ball 2-1: Called Strike 2-2: Ball 3-2: Base on Balls
|
|
Batting: RHB Alex Velasco
|
0-0: Ball 1-0: Called Strike 1-1: Ball 2-1: Ball 3-1: DOUBLE (Groundball, 5L, EV 100.0 MPH) Guo Kwok to third
|
|
Batting: LHB Kiyosumi Yoshioka
|
0-0: Called Strike 0-1: Swinging Strike 0-2: Ball 1-2: Reached on error, E1 (Groundball, 13, EV 72.5 MPH) Guo Kwok scores Alex Velasco to third
|
|
Batting: LHB Eric Willis
|
0-0: Called Strike 0-1: Fly out, F7 (Flyball, 78S, EV 84.4 MPH)
|
|
Batting: RHB Cesar Rendon
|
0-0: Ball Kiyosumi Yoshioka steals 2nd, throwing error, E2 Alex Velasco scores Kiyosumi Yoshioka to third 1-0: SINGLE (Groundball, 6D, EV 110.0 MPH) Kiyosumi Yoshioka scores
|
|
Batting: RHB Jaylen Buckley
|
0-0: Swinging Strike 0-1: Ball 1-1: Foul Ball, location: 2F 1-2: Ball 2-2: Ball 3-2: Foul Ball, location: 2F 3-2: Foul Ball, location: 2F 3-2: Strikes out swinging
|
|
Batting: LHB Ramon Garduno
|
0-0: Called Strike 0-1: Fielders Choice at 2nd, 6-4 (Groundball, 6, EV 101.3 MPH)
|
| Bottom of the 1st over - 3 runs, 2 hits, 2 errors, 1 left on base; University of Georgia 0 - University of Miami 3 |
| TOP OF THE 2ND |
|
University of Georgia Bulldogs batting - Pitching for University of Miami Hurricanes : RHP Nate Rizzi
|
|
Batting: RHB Jose Garibay
|
0-0: Ball 1-0: Fly out, F6 (Popup, P, EV 86.3 MPH)
|
|
Batting: RHB Armando Ramirez
|
0-0: Ball 1-0: Ground out 5-3 (Groundball, 56, EV 107.5 MPH)
|
|
Batting: RHB Pedro Gonzalez
|
0-0: Called Strike 0-1: Ball 1-1: Foul Ball, location: 2F 1-2: Ball 2-2: Strikes out swinging
|
| Top of the 2nd over - 0 runs, 0 hits, 0 errors, 0 left on base; University of Georgia 0 - University of Miami 3 |
| BOTTOM OF THE 2ND |
|
University of Miami Hurricanes batting - Pitching for University of Georgia Bulldogs : RHP Rip Log
|
|
Batting: RHB John Norton
|
0-0: Swinging Strike 0-1: Ball 1-1: Ground out 4-3 (Groundball, 4, EV 96.9 MPH)
|
|
Batting: SHB Dan Strickland
|
0-0: Ground out U3 (Groundball, 3L, EV 85.0 MPH)
|
|
Batting: RHB Guo Kwok
|
0-0: Ball 1-0: Foul Ball, location: 2F 1-1: Foul Ball, location: 2F 1-2: Ground out 6-3 (Groundball, 6, EV 85.0 MPH)
|
| Bottom of the 2nd over - 0 runs, 0 hits, 0 errors, 0 left on base; University of Georgia 0 - University of Miami 3 |
| TOP OF THE 3RD |
|
University of Georgia Bulldogs batting - Pitching for University of Miami Hurricanes : RHP Nate Rizzi
|
|
Batting: LHB Dave Schaubert
|
0-0: Called Strike 0-1: Swinging Strike 0-2: Fly out, F4 (Flyball, 34D, EV 86.9 MPH)
|
|
Batting: RHB Patrick Pinault
|
0-0: Fly out, F8 (Flyball, 8LD, EV 108.1 MPH)
|
|
Batting: RHB Janne Vihko
|
0-0: SINGLE (Line Drive, 89S, EV 88.1 MPH)
|
|
Batting: RHB Ivan Barrientos
|
0-0: Ball 1-0: Ball 2-0: Swinging Strike 2-1: Foul Ball, location: 2F 2-2: Foul Ball, location: 2F 2-2: Ground out 6-3 (Groundball, 6, EV 90.0 MPH)
|
| Top of the 3rd over - 0 runs, 1 hit, 0 errors, 1 left on base; University of Georgia 0 - University of Miami 3 |
| BOTTOM OF THE 3RD |
|
University of Miami Hurricanes batting - Pitching for University of Georgia Bulldogs : RHP Rip Log
|
|
Batting: RHB Alex Velasco
|
0-0: Swinging Strike 0-1: Swinging Strike 0-2: Ground out 3-1 (Groundball, 34, EV 83.8 MPH)
|
|
Batting: LHB Kiyosumi Yoshioka
|
0-0: Ground out 5-3 (Groundball, 56, EV 93.1 MPH)
|
|
Batting: LHB Eric Willis
|
0-0: Ball 1-0: Ball 2-0: SINGLE (Groundball, 25, EV 69.4 MPH) (infield hit)
|
|
Batting: RHB Cesar Rendon
|
0-0: Ball 1-0: Ball Eric Willis steals 2nd base 2-0: Ball 3-0: Called Strike 3-1: Foul Ball, location: 2F 3-2: SINGLE (Groundball, 56D, EV 105.0 MPH) Eric Willis to third Runner from 3rd tries for Home, SAFE, throw by LF to home
|
|
Batting: RHB Jaylen Buckley
|
Balk! Cesar Rendon to second 0-0: Ball 1-0: Foul Ball, location: 2F 1-1: Ball 2-1: Swinging Strike 2-2: Strikes out swinging
|
| Bottom of the 3rd over - 1 run, 2 hits, 0 errors, 1 left on base; University of Georgia 0 - University of Miami 4 |
| TOP OF THE 4TH |
|
University of Georgia Bulldogs batting - Pitching for University of Miami Hurricanes : RHP Nate Rizzi
|
|
Batting: LHB Justin Daley
|
0-0: Called Strike 0-1: Fly out, F4 (Popup, 4M, EV 72.5 MPH)
|
|
Batting: LHB Mitsujiro Tanaka
|
0-0: Ball 1-0: Ball 2-0: Foul Ball, location: 2F 2-1: Ground out 4-3 (Groundball, 4S, EV 83.1 MPH)
|
|
Batting: RHB Jose Garibay
|
0-0: Foul Ball, location: 2F 0-1: Foul Ball, location: 2F 0-2: DOUBLE (Flyball, 8LD, EV 107.5 MPH)
|
|
Batting: RHB Armando Ramirez
|
0-0: Ball 1-0: Fly out, F4 (Line Drive, 4, EV 68.8 MPH)
|
| Top of the 4th over - 0 runs, 1 hit, 0 errors, 1 left on base; University of Georgia 0 - University of Miami 4 |
| BOTTOM OF THE 4TH |
|
University of Miami Hurricanes batting - Pitching for University of Georgia Bulldogs : RHP Rip Log
|
|
Batting: LHB Ramon Garduno
|
0-0: Fly out, F7 (Flyball, 7D, EV 86.3 MPH)
|
|
Batting: RHB John Norton
|
0-0: Called Strike 0-1: Swinging Strike 0-2: Strikes out swinging
|
|
Batting: SHB Dan Strickland
|
0-0: Foul Ball, location: 2F 0-1: Reached on error, E6 (Groundball, 6, EV 82.5 MPH)
|
|
Batting: RHB Guo Kwok
|
0-0: Ball 1-0: Ball 2-0: Called Strike 2-1: Ball 3-1: Base on Balls Dan Strickland to second
|
|
Batting: RHB Alex Velasco
|
0-0: Called Strike 0-1: Ball 1-1: Ball 2-1: Swinging Strike 2-2: Foul Ball, location: 2F 2-2: Foul Ball, location: 2F 2-2: Ball 3-2: Base on Balls Dan Strickland to third Guo Kwok to second
|
|
Batting: LHB Kiyosumi Yoshioka
|
0-0: Ball 1-0: Foul Ball, location: 2F 1-1: Called Strike 1-2: SINGLE (Line Drive, 89M, EV 111.9 MPH) Dan Strickland scores Guo Kwok to third Alex Velasco to second Runner from 3rd tries for Home, SAFE, throw by RF to home
|
|
Batting: LHB Eric Willis
|
0-0: Ball 1-0: Called Strike 1-1: Fielders Choice at 2nd, 5-4 (Groundball, 5, EV 98.8 MPH)
|
| Bottom of the 4th over - 2 runs, 1 hit, 1 error, 2 left on base; University of Georgia 0 - University of Miami 6 |
| TOP OF THE 5TH |
|
University of Georgia Bulldogs batting - Pitching for University of Miami Hurricanes : RHP Nate Rizzi
|
|
Batting: RHB Pedro Gonzalez
|
0-0: Swinging Strike 0-1: Called Strike 0-2: Ball 1-2: Foul Ball, location: 2F 1-2: Fly out, F8 (Flyball, 8RD, EV 105.0 MPH)
|
|
Batting: LHB Dave Schaubert
|
0-0: Ball 1-0: SOLO HOME RUN (Flyball, 9LD, EV 90.6 MPH), Distance : 331 ft
|
|
Batting: RHB Patrick Pinault
|
0-0: Ground out 5-3 (Groundball, 5, EV 85.0 MPH)
|
|
Batting: RHB Janne Vihko
|
0-0: Ball 1-0: Ground out 5-3 (Groundball, 56S, EV 81.3 MPH)
|
| Top of the 5th over - 1 run, 1 hit, 0 errors, 0 left on base; University of Georgia 1 - University of Miami 6 |
| BOTTOM OF THE 5TH |
|
University of Miami Hurricanes batting - Pitching for University of Georgia Bulldogs : RHP Rip Log
|
|
Pitching: RHP Manny Lebron
|
|
|
Batting: RHB Cesar Rendon
|
0-0: Ground out U3 (Groundball, 3, EV 90.0 MPH)
|
|
Batting: RHB Jaylen Buckley
|
0-0: Called Strike 0-1: Swinging Strike 0-2: Ball 1-2: Ball 2-2: Strikes out swinging
|
|
Batting: LHB Ramon Garduno
|
0-0: Ball 1-0: Called Strike 1-1: Foul Ball, location: 2F 1-2: Strikes out swinging
|
| Bottom of the 5th over - 0 runs, 0 hits, 0 errors, 0 left on base; University of Georgia 1 - University of Miami 6 |
| TOP OF THE 6TH |
|
University of Georgia Bulldogs batting - Pitching for University of Miami Hurricanes : RHP Nate Rizzi
|
|
Batting: RHB Ivan Barrientos
|
0-0: Fly out, F7 (Flyball, 78S, EV 73.1 MPH)
|
|
Batting: LHB Justin Daley
|
0-0: Ball 1-0: Ball 2-0: Ball 3-0: Called Strike 3-1: Foul Ball, location: 2F 3-2: Base on Balls
|
|
Batting: LHB Mitsujiro Tanaka
|
0-0: Fielders Choice at 2nd, 3-6 (Groundball, 13, EV 80.6 MPH)
|
|
Batting: RHB Jose Garibay
|
0-0: Ball 1-0: Ball 2-0: Called Strike 2-1: Swinging Strike 2-2: Fielders Choice at 2nd, 5-4 (Groundball, 5, EV 86.3 MPH)
|
| Top of the 6th over - 0 runs, 0 hits, 0 errors, 1 left on base; University of Georgia 1 - University of Miami 6 |
| BOTTOM OF THE 6TH |
|
University of Miami Hurricanes batting - Pitching for University of Georgia Bulldogs : RHP Manny Lebron
|
|
Batting: RHB John Norton
|
0-0: Foul Ball, location: 2F 0-1: DOUBLE (Flyball, 89D, EV 101.3 MPH)
|
|
Batting: SHB Dan Strickland
|
0-0: Ball 1-0: SINGLE (Line Drive, 6D, EV 94.4 MPH) John Norton to third
|
|
Batting: RHB Guo Kwok
|
Pickoff Throw to First - Out! 1-3 0-0: Foul Ball, location: 2F 0-1: Ball 1-1: Foul Ball, location: 2F 1-2: Ball 2-2: 2-RUN HOME RUN (Flyball, 7D, EV 96.3 MPH), Distance : 344 ft
|
|
Batting: RHB Alex Velasco
|
0-0: Ball 1-0: Swinging Strike 1-1: Foul Ball, location: 2F 1-2: Ground out 6-3 (Groundball, 6, EV 83.1 MPH)
|
|
Batting: LHB Kiyosumi Yoshioka
|
0-0: Ball 1-0: Ball 2-0: Ball 3-0: Called Strike 3-1: Ground out 4-3 (Groundball, 4, EV 88.8 MPH)
|
| Bottom of the 6th over - 2 runs, 3 hits, 0 errors, 0 left on base; University of Georgia 1 - University of Miami 8 |
| TOP OF THE 7TH |
|
University of Georgia Bulldogs batting - Pitching for University of Miami Hurricanes : RHP Nate Rizzi
|
|
Batting: RHB Armando Ramirez
|
0-0: Ground out 5-3 (Groundball, 5L, EV 90.0 MPH)
|
|
Batting: RHB Pedro Gonzalez
|
0-0: Ball 1-0: SINGLE (Groundball, 56D, EV 105.0 MPH)
|
|
Batting: LHB Dave Schaubert
|
0-0: Ball 1-0: Called Strike 1-1: SINGLE (Flyball, 3D, EV 85.0 MPH) Pedro Gonzalez to second
|
|
Batting: RHB Patrick Pinault
|
0-0: Swinging Strike 0-1: Ball 1-1: Grounds out, U3 (Groundball, 3L, EV 87.5 MPH) Pedro Gonzalez to third
|
|
Batting: RHB Janne Vihko
|
0-0: Foul Ball, location: 2F 0-1: Foul Ball, location: 2F 0-2: Ball 1-2: Foul Ball, location: 2F 1-2: Fly out, F6 (Popup, P, EV 78.8 MPH)
|
| Top of the 7th over - 0 runs, 2 hits, 0 errors, 2 left on base; University of Georgia 1 - University of Miami 8 |
| BOTTOM OF THE 7TH |
|
University of Miami Hurricanes batting - Pitching for University of Georgia Bulldogs : RHP Manny Lebron
|
|
Batting: LHB Eric Willis
|
0-0: Called Strike 0-1: Foul Ball, location: 2F 0-2: Fly out, F6 (Popup, 6M, EV 68.1 MPH)
|
|
Pitching: RHP Andres Morales
|
|
|
Pinch Hitting: RHB Daniel Molina
|
0-0: Ball 1-0: Ground out 5-3 (Groundball, 56, EV 86.3 MPH)
|
|
Batting: RHB Jaylen Buckley
|
0-0: Ball 1-0: Ball 2-0: Ball 3-0: Base on Balls
|
|
Batting: LHB Ramon Garduno
|
0-0: Ball Wild Pitch! Jaylen Buckley to second 1-0: Ball 2-0: Ball 3-0: Base on Balls
|
|
Batting: RHB John Norton
|
0-0: Called Strike 0-1: Foul Ball, location: 2F 0-2: Ball 1-2: Foul Ball, location: 2F 1-2: Ball 2-2: Foul Ball, location: 2F 2-2: Ball 3-2: Base on Balls Jaylen Buckley to third Ramon Garduno to second
|
|
Pinch Hitting: RHB Yasuoka Tsuda
|
0-0: Called Strike 0-1: Called Strike 0-2: Ball 1-2: Ball 2-2: Ball 3-2: Ground out 5-3 (Groundball, 56S, EV 81.9 MPH)
|
| Bottom of the 7th over - 0 runs, 0 hits, 0 errors, 3 left on base; University of Georgia 1 - University of Miami 8 |
| TOP OF THE 8TH |
|
University of Georgia Bulldogs batting - Pitching for University of Miami Hurricanes : RHP Nate Rizzi
|
|
Pitching: RHP Alex Granado
|
|
|
Now at 3B: Yasuoka Tsuda
|
|
|
Now in CF: Earl Crabtree
|
|
|
Pinch Hitting: RHB Miguel Herrejon
|
0-0: Fly out, F9 (Flyball, 9LD, EV 98.8 MPH)
|
|
Batting: LHB Justin Daley
|
0-0: SINGLE (Groundball, 34D, EV 103.8 MPH)
|
|
Batting: LHB Mitsujiro Tanaka
|
0-0: Ball 1-0: Foul Ball, location: 2F 1-1: Swinging Strike 1-2: Ball 2-2: Ball 3-2: Foul Ball, location: 2F 3-2: Fielders Choice at 2nd, 4-6 (Groundball, 4, EV 83.8 MPH)
|
|
Batting: RHB Jose Garibay
|
0-0: Fielders Choice at 2nd, 5-4 (Groundball, 56, EV 105.0 MPH)
|
| Top of the 8th over - 0 runs, 1 hit, 0 errors, 1 left on base; University of Georgia 1 - University of Miami 8 |
| BOTTOM OF THE 8TH |
|
University of Miami Hurricanes batting - Pitching for University of Georgia Bulldogs : RHP Andres Morales
|
|
Now in RF: Miguel Herrejon
|
|
|
Pinch Hitting: RHB Juan Medina
|
0-0: Called Strike 0-1: Called Strike 0-2: Foul Ball, location: 2F 0-2: Ball 1-2: Strikes out looking
|
|
Batting: RHB Alex Velasco
|
0-0: Ball 1-0: Ground out 5-3 (Groundball, 56S, EV 91.9 MPH)
|
|
Batting: LHB Kiyosumi Yoshioka
|
0-0: Ball 1-0: Ball 2-0: Ground out 4-3 (Groundball, 4, EV 105.0 MPH)
|
| Bottom of the 8th over - 0 runs, 0 hits, 0 errors, 0 left on base; University of Georgia 1 - University of Miami 8 |
| TOP OF THE 9TH |
|
University of Georgia Bulldogs batting - Pitching for University of Miami Hurricanes : RHP Alex Granado
|
|
Now at 1B: Juan Medina
|
|
|
Pinch Hitting: SHB Javy Franco
|
0-0: Called Strike 0-1: Foul Ball, location: 2F 0-2: Foul Ball, location: 2F 0-2: Strikes out swinging
|
|
Pinch Hitting: RHB Jeff Floyd
|
0-0: Called Strike 0-1: Fly out, F9 (Flyball, 9LS, EV 95.0 MPH)
|
|
Batting: RHB Minoru Matsumoto
|
0-0: Foul Ball, location: 2F 0-1: Foul Ball, location: 2F 0-2: Fly out, F9 (Flyball, 9S, EV 87.5 MPH)
|
| Top of the 9th over - 0 runs, 0 hits, 0 errors, 0 left on base; University of Georgia 1 - University of Miami 8 |
|